 Dungeon Crawl Stone Soup version 0.29.0-4-gdea44cf6ec (webtiles) character file.

Game seed: 10645589381277402179

32 qw the Sneak (level 3, -9/23 HPs)
             Began as a Gargoyle Delver on Sept 10, 2022.
             Mangled by Sigmund
             ... wielding a +2 scythe of pain
              (10 damage)
             ... on level 2 of the Dungeon.
             The game lasted 00:00:25 (925 turns).

qw the Sneak (Gargoyle Delver)                       Turns: 925, Time: 00:00:26

Health: -9/23      AC:  6    Str: 17    XL:     3   Next: 27%
Magic:  3/3        EV: 11    Int: 10    God:
Gold:   23         SH:  0    Dex: 11    Spells: 2/2 levels left

rFire   . . .      SeeInvis .   a - +0 hand axe
rCold   . . .      Faith    .   (no shield)
rNeg    + . .      Spirit   .   b - +0 leather armour
rPois   inf        Reflect  .   (no helmet)
rElec   +          Harm     .   (no cloak)
rCorr   .          Rampage  .   (no gloves)
Will    .....                   (no boots)
Stlth   +++.......              (no amulet)
HPRegen 0.07/turn               (no ring)
MPRegen 0.08/turn               (no ring)

@: no status effects
A: sickness immunity, AC +3, negative energy resistance 1, electricity
resistance, torment resistance 1, petrification resistance
a: no special abilities


You were on level 2 of the Dungeon.
You visited 1 branch of the dungeon, and saw 5 of its levels.

You collected 23 gold pieces.


Innate Abilities, Weirdness & Mutations

You are immune to sickness and miasma.
Your stone body is resilient. (AC +3)
You are immune to poison.
You resist negative energy. (rN+)
You are resistant to electric shocks. (rElec)
You are resistant to unholy torment.
You are immune to petrification.


   Skills:
 - Level 3.2 Fighting
 + Level 3.3 Axes
 - Level 1.5 Dodging
 - Level 5.4 Stealth


You had 2 spell levels left.
You didn't know any spells.
Your spell library was empty.

Inventory:

Hand Weapons
 a - a +0 hand axe (weapon)
 c - a +0 club
Armour
 b - a +0 leather armour (worn)
Wands
 g - a wand of digging (3)
Potions
 d - a potion of mutation {unknown}
 e - a potion of might {unknown}
 f - a potion of haste

Dungeon Overview and Level Annotations

Branches:
Dungeon (5/15)             Temple (0/1) D:4

Altars:

Shops:
D:3 [

Annotations:
D:2 Sigmund


Message History

You barely miss the rat. The rat bites you but does no damage.
You closely miss the rat. The rat bites you but does no damage.
You hit the rat.
The rat is heavily wounded.
The rat bites you but does no damage.
You hit the rat but do no damage.
The rat is heavily wounded.
The rat closely misses you.
You slash the rat!
You kill the rat!
A sourceless malevolence fills the Dungeon...
You fall into a shaft and drop 1 floor!
The shaft crumbles and collapses.
Found a scroll of fog.
Found an escape hatch in the floor.
Found a stone staircase leading down.
(D) Dungeon (T) Temple
Where to? (* - list waypoints, Enter - D:1, ? - help)
What level of the Dungeon? (default 1, ? - help) Sorry, I don't know how to get there.
Found a stone staircase leading down.
(D) Dungeon (T) Temple
Where to? (* - list waypoints, Enter - D:1, ? - help)
What level of the Dungeon? (default 1, ? - help) Sorry, I don't know how to get there.
e - a silvery potion Sigmund the Dreaded comes into view.
He is wielding a +2 scythe of pain.
A hobgoblin comes into view.
Found a silvery potion.
An endoplasm comes into view.
Found a scroll labelled KIEMNU WYXOMIL and 12 gold pieces.
Sigmund shouts!
The endoplasm quivers.
You hear a shout!
Sigmund hits you with a +2 scythe of pain!
You barely miss Sigmund.
Sigmund hits you with a +2 scythe of pain!
You closely miss Sigmund.
Sigmund hits you with a +2 scythe of pain!
You die...

#.....#####
#........>#
#.....?...#
#.........#
#....>....#
#.........#
#.........#
#.........####
......#...@....#
##..#.g...J@##....
#.##.##...... ...
#.. #. #........
#. g ...........
.. ........!...
.........####
...$?.....#


You could see Sigmund, an endoplasm and a hobgoblin.

Vanquished Creatures
  An adder (D:3)
  2 dart slugs (D:1)
  A ball python (D:3)
  A bat (D:1)
  2 endoplasms (D:1)
  7 goblins
  2 kobolds (D:1)
  2 rats (D:1)
18 creatures vanquished.

Notes
Turn   | Place    | Note
-------+----------+-------------------------------------------
     0 | D:5      | qw the Gargoyle Delver began the quest for the Orb.
     0 | D:5      | Reached XP level 1. HP: 14/14 MP: 1/1
     0 | D:5      | 0 ||| qw: Version: 0.1-a-117-gfe26ee0
     0 | D:5      | 0 ||| qw: Game counter: 9614
     0 | D:5      | 0 ||| qw: Always use a shield: true
     0 | D:5      | 0 ||| qw: God list: Okawaru
     0 | D:5      | 0 ||| qw: Allow faded altars: false
     0 | D:5      | 0 ||| qw: Do Orc after D:15 true
     0 | D:5      | 0 ||| qw: Do second Lair branch before Depths: true
     0 | D:5      | 0 ||| qw: Lair rune preference: random
     0 | D:5      | 0 ||| qw: Plans: Normal
     0 | D:5      | 0 ||| PLANNING D:1-11
     0 | D:5      | 0 ||| DROPPING scroll of fog.
     1 | D:5      | 1 ||| DROPPING scroll of magic mapping.
     2 | D:5      | 2 ||| DROPPING scroll of fear.
     5 | D:4      | Found a staircase to the Ecumenical Temple.
     6 | D:4      | 6 ||| FLEEEEING.
     7 | D:4      | 7 ||| FLEEEEING.
     8 | D:4      | 8 ||| FLEEEEING.
     9 | D:4      | 9 ||| FLEEEEING.
    10 | D:4      | 10 ||| FLEEEEING.
    11 | D:4      | 11 ||| FLEEEEING.
    12 | D:4      | 12 ||| FLEEEEING.
    13 | D:4      | 13 ||| STAIRDANCE
    51 | D:3      | Reached XP level 2. HP: 17/19 MP: 2/2
   103 | D:3      | 103 ||| Stepping ~*~*~tactically~*~*~ (stealth).
   230 | D:3      | 230 ||| FLEEEEING.
   230 | D:3      | Found Akeqaivy's Antique Armour Shop.
   231 | D:3      | 231 ||| FLEEEEING.
   232 | D:3      | 232 ||| STAIRDANCE
   460 | D:1      | Reached skill level 3 in Axes
   513 | D:1      | 513 ||| Stepping ~*~*~tactically~*~*~ (stealth).
   522 | D:1      | Reached XP level 3. HP: 23/23 MP: 3/3
   661 | D:1      | Found a faded altar of an unknown god.
   678 | D:1      | 678 ||| Stepping ~*~*~tactically~*~*~ (hiding).
   780 | D:1      | 780 ||| Stepping ~*~*~tactically~*~*~ (hiding).
   908 | D:1      | You fall into a shaft and drop 1 floor!
   917 | D:2      | Noticed Sigmund
   924 | D:2      | HP: 1/23 [Sigmund/+2 scythe of pain (11)]
   925 | D:2      | Mangled by Sigmund

Levels and vault maps discovered:
D:1:      zaba_arrival_water, layout_loops_ring,
          shapermc_ecumenical_altar_mp_urbaneastern, minmay_pentomino_q4
D:2:      layout_rooms, uniq_sigmund
D:3:      layout_basic, dancing_weapons_uskayaw, serial_shops,
          nicolae_shop_overgrown_old_shop
D:4:      layout_basic, grunt_dithmenos_smoke,
          nicolae_ru_great_annihilating_truth, minmay_temple_entry_grid,
          uniq_duvessa, uniq_natasha, uniq_pikel
D:5:      layout_gridville, gammafunk_temple_overflow_forgotten,
          mainiacjoe_overflow_cross_hatched

Skill      XL: |  1  2 |
---------------+-------+-----
Axes           | 2 3 |  3.3
Fighting       | |  3.2
Dodging        | |  1.5
Stealth        | |  5.4

Action                   || total
-------------------------++-------
Melee: Hand axe          ||    62
 Stab: Sleeping          ||     1
Armor: Leather armour    ||    27
Dodge: Dodged            ||    33

Table legend:
 A = Non-vault XP
 B = Vault XP
 C = Vault XP percentage of total XP
 D = Non-vault monster count
 E = Vault monster count
 F = Vault count percentage of total count
                 A         B        C        D         E       F
            +---------+---------+-------+---------+---------+-------
      Total |      42 |       5 |  10.6 |      15 |       3 |  16.7
            +---------+---------+-------+---------+---------+-------
        D:1 |      23 |       5 |  17.9 |      11 |       3 |  21.4
        D:3 |      19 |       0 |   0.0 |       4 |       0 |   0.0
            +---------+---------+-------+---------+---------+-------
